 Dungeon Crawl Stone Soup version 0.31-a0-152-g6aa68a64a1 (webtiles) character file.

Game seed: 3665706592523108116

40 qw the Shooter (level 3, -6/22 HPs)
             Began as a Gargoyle Hunter on June 10, 2023.
             Mangled by an ogre
             ... wielding a +0 giant club
              (11 damage)
             ... on level 3 of the Dungeon.
             The game lasted 00:00:26 (1360 turns).

qw the Shooter (Gargoyle Hunter)                    Turns: 1360, Time: 00:00:26

Health: -6/22      AC:  8    Str: 14    XL:     3   Next: 50%
Magic:  3/3        EV: 10    Int:  9    God:
Gold:   70         SH:  0    Dex: 15    Spells: 2/2 levels left

rFire   . . .        Y - +0 shortbow
rCold   . . .        (shield currently unavailable)
rNeg    + . .        e - +0 ring mail
rPois   inf          (no helmet)
rElec   +            (no cloak)
rCorr   .            (no gloves)
SInv    .            (no boots)
Will    .....        (no amulet)
Stlth   +            (no ring)
HPRegen 0.23/turn    (no ring)
MPRegen 0.08/turn

%: no passive effects
@: no status effects
A: sickness immunity, AC +3, negative energy resistance 1, electricity
resistance, torment resistance 1, petrification resistance
a: no special abilities


You were on level 3 of the Dungeon.
You visited 1 branch of the dungeon, and saw 3 of its levels.

You collected 70 gold pieces.


Innate Abilities, Weirdness & Mutations

You are immune to sickness and miasma.
Your stone body is resilient. (AC +3)
You are immune to poison.
You resist negative energy. (rN+)
You are resistant to electric shocks. (rElec)
You are resistant to unholy torment.
You are immune to petrification.


   Skills:
 + Level 2.3 Fighting
 - Level 5.0 Ranged Weapons
 - Level 1.0 Armour
 - Level 1.5 Dodging
 - Level 1.1 Stealth


You had 2 spell levels left.
You didn't know any spells.
Your spell library was empty.

Inventory:

Hand Weapons
 Y - a +0 shortbow (weapon)
Armour
 e - a +0 ring mail (worn)
Scrolls
 a - a scroll of enchant armour
 f - a scroll of fear {unknown}
Potions
 b - a potion of ambrosia {unknown}
 c - a potion of enlightenment {unknown}
 d - a potion of haste {unknown}

Dungeon Overview and Level Annotations

Branches:
Dungeon (3/15)

Altars:


Message History

As you read the scroll labelled USUGEMUTEEL, it crumbles to dust.
You hear a loud clanging noise!
It was a scroll of noise.
Done exploring.
(D) Dungeon
Where to? (* - list waypoints, Enter - D:2, ? - help)
What level of the Dungeon? (default 1, ? - help)
There is a stone staircase leading down here.
You climb downwards.
Found an emerald potion and a short sword.
There is a stone staircase leading up here.
Waypoint 2 assigned to D:3.
d - an emerald potion A rat comes into view.
You shoot an arrow. The arrow barely misses the rat.
You shoot an arrow. The arrow hits the rat.
You kill the rat!
A frilled lizard comes into view.
The frilled lizard hisses angrily.
You shoot an arrow.
The arrow hits the frilled lizard but does no damage.
The frilled lizard misses you.
You shoot an arrow. The arrow hits the frilled lizard!
You kill the frilled lizard!
f - a scroll labelled WAIPOI FAPU You see here a rat corpse.
An ogre comes into view. It is wielding a +0 giant club.
You shoot an arrow. The arrow hits the ogre.
The ogre shouts!
The ogre is lightly wounded.
You shoot an arrow. The arrow barely misses the ogre.
You shoot an arrow. The arrow hits the ogre.
The ogre is moderately wounded.
The ogre hits you with a +0 giant club!
Ouch! That really hurt!
You shoot an arrow. The arrow hits the ogre!
The ogre is heavily wounded.
The ogre hits you with a +0 giant club!
Ouch! That really hurt!
You die...

#### ..# ######### #.#
#.......#
###.###.#####.##########
#..........##.##........
......#.##..%...@#
#<#.#.#.#####.###O....#
....#.#.#####.# ..####
#..#..........# ..#
##)..#.######## ...
#.#...# .... .....##
.##.# .# .# .# .# .# .#


You could see an ogre.

Vanquished Creatures
  A worm (D:2)
  A bat (D:1)
  3 endoplasms
  3 goblins
  4 hobgoblins
  6 jackals
  2 kobolds
  2 quokkas
  4 ball pythons
  3 frilled lizards
  4 rats
33 creatures vanquished.

Notes
Turn   | Place    | Note
-------+----------+-------------------------------------------
     0 | D:1      | qw the Gargoyle Hunter began the quest for the Orb.
     0 | D:1      | Reached XP level 1. HP: 12/12 MP: 1/1
     0 | D:1      | 0 ||| qw: Version: 0.2-a-29-g8b02136
     0 | D:1      | 0 ||| qw: Game counter: 3813
     0 | D:1      | 0 ||| qw: Always use a shield: true
     0 | D:1      | 0 ||| qw: God list: Okawaru
     0 | D:1      | 0 ||| qw: Allow faded altars: false
     0 | D:1      | 0 ||| qw: Do Orc after D:15 true
     0 | D:1      | 0 ||| qw: Do second Lair branch before Depths: true
     0 | D:1      | 0 ||| qw: Lair rune preference: random
     0 | D:1      | 0 ||| qw: Plans: Normal, Zot:1-4, Slime:5, God:TSO, Crypt,
                  | Tomb, Abyss, Pan, Hells, Win
     0 | D:1      | 0 ||| PLANNING D:1-11
   188 | D:1      | Reached XP level 2. HP: 17/17 MP: 2/2
   446 | D:1      | 446 ||| FLEEEEING.
   447 | D:1      | 447 ||| FLEEEEING.
   448 | D:1      | 448 ||| FLEEEEING.
   449 | D:1      | 449 ||| FLEEEEING.
   450 | D:1      | 450 ||| FLEEEEING.
   451 | D:1      | 451 ||| FLEEEEING.
   452 | D:1      | 452 ||| FLEEEEING.
   453 | D:1      | 453 ||| FLEEEEING.
   454 | D:1      | 454 ||| FLEEEEING.
   455 | D:1      | 455 ||| FLEEEEING.
   456 | D:1      | 456 ||| FLEEEEING.
   518 | D:1      | Reached XP level 3. HP: 21/21 MP: 3/3
   640 | D:1      | 640 ||| UPGRADING to +0 ring mail.
   650 | D:1      | 650 ||| DROPPING +0 leather armour.
   651 | D:1      | 651 ||| READING 2 scrolls labelled ZOLUTAEGAS.
   652 | D:1      | 652 ||| DROPPING scroll of butterflies.
   800 | D:2      | Reached skill level 1 in Armour
   805 | D:2      | Reached skill level 5 in Ranged Weapons
   903 | D:2      | 903 ||| READING scroll labelled MOIQOESUKK.
  1275 | D:2      | 1275 ||| READING scroll labelled USUGEMUTEEL.
  1356 | D:3      | Noticed an ogre
  1359 | D:3      | HP: 5/22 [ogre/+0 giant club (17)]
  1360 | D:3      | Mangled by an ogre

Levels and vault maps discovered:
D:1:      giann_wishing_wells, layout_loops_ring
D:2:      layout_loops_ring, reono_crystal_passage
D:3:      layout_loops_cross, mainiacjoe_overflow_tiny_flanked,
          chequers_serial_rivers_micro_b, kennysheep_generic_room_14,
          uniq_crazy_yiuf_cottage

Skill      XL: |  1  2  3 |
---------------+----------+-----
Armour         | 1 |  1.0
Ranged Weapons | 5 |  5.0
Fighting       | |  2.3
Dodging        | |  1.5
Stealth        | |  1.1

Action                     || total
---------------------------++-------
   Fire: Shortbow          ||    85
    Use: Scroll            ||     3
 Armour: Leather armour    ||     3
         Ring mail         ||     1
  Dodge: Dodged            ||     8

Table legend:
 A = Non-vault XP
 B = Vault XP
 C = Vault XP percentage of total XP
 D = Non-vault monster count
 E = Vault monster count
 F = Vault count percentage of total count
                 A         B        C        D         E       F
            +---------+---------+-------+---------+---------+-------
      Total |      58 |       0 |   0.0 |      33 |       0 |   0.0
            +---------+---------+-------+---------+---------+-------
        D:1 |      37 |       0 |   0.0 |      21 |       0 |   0.0
        D:2 |      19 |       0 |   0.0 |      10 |       0 |   0.0
        D:3 |       2 |       0 |   0.0 |       2 |       0 |   0.0
            +---------+---------+-------+---------+---------+-------
